AoeStats
← kimbo

Arabia

509197087Analyzed
2v2 RM · 7d ago on Sep 25, 2026· 36m 40s· 4 players
Game mode
Random Map
Map size
Medium (4 player)
Population
200
Speed
Normal
Resources
Standard
Victory
Conquest
Starting age
Dark Age
Ending age
Imperial Age
RankedLock teamsTeams togetherTeam positionsShared explorationLock speedFull tech treeHidden civsTurbo modeCheats
Victory
Defeat
🇦🇷 Franks · Argentina
1407
+13
🇳🇱 Ethiopians · Netherlands
1397
+14
🇦🇷 Maya · Argentina
1352
-14
🇦🇷 Persians · Argentina
1336
-13
Pingocho
8:16 Feudal Age
8:24 Loom
8:51 Double-Bit Axe
17:21 Scale Barding Armor
21:56 Castle Age
20:15 Gold Mining
20:56 Bloodlines
24:29 Husbandry
25:29 Gold Shaft Mining
26:36 Chain Barding Armor
29:15 Bow Saw
30:56 Forging
35:18 Horse Collar
36:55 Iron Casting
36:23 Fletching
kimbo
0:25 Loom
9:01 Feudal Age
9:30 Double-Bit Axe
9:43 Town Watch
12:22 Fletching
21:52 Castle Age
21:35 Horse Collar
21:57 Crossbowman
22:38 Bodkin Arrow
23:00 Bow Saw
25:12 Padded Archer Armor
27:56 Ballistics
27:49 Thumb Ring
29:42 Leather Archer Armor
31:01 Wheelbarrow
39:08 Imperial Age
Wizad
8:42 Feudal Age
8:22 Loom
12:17 Double-Bit Axe
13:08 Horse Collar
14:10 Fletching
21:17 Castle Age
20:34 Padded Archer Armor
20:33 Gold Mining
21:19 Crossbowman
21:55 Bodkin Arrow
22:18 Bow Saw
23:50 Gold Shaft Mining
29:39 Ballistics
30:03 Wheelbarrow
29:38 Town Watch
31:04 Hand Cart
32:18 Thumb Ring
35:12 Leather Archer Armor
37:31 Imperial Age
36:16 Heavy Plow
36:07 Stone Mining
37:08 Town Patrol
aReIF
6:40 Loom
8:54 Feudal Age
14:56 Double-Bit Axe
18:42 Castle Age
17:22 Scale Barding Armor
17:32 Gold Mining
19:06 Forging
24:54 Wheelbarrow
26:30 Chain Barding Armor
26:32 Husbandry
27:12 Bow Saw
29:06 Town Watch
33:26 Imperial Age
32:18 Hand Cart
33:36 Cavalier
34:43 Conscription
34:37 Stone Mining
35:23 Gold Shaft Mining
36:26 Plate Barding Armor
Connection lost

Rejoining the realm…

Still unreachable

The connection could not be restored.

Session expired

The server has moved on; the page needs a fresh start.